Description

This build order is really strong against most of standard playstyle. You open with a 8 stalkers pressure. After doing the damage, go to a fast twilight council to do a chargelot timing.

Notes :

  • The Stargate opening will block the opponent in his base and force a stalker reaction
  • Don't take the gas on your natural
  • If you want a better timing, you can totally cut the gas
  • The min mark timing is really strong: If your opponent did an expand: You win
  • Against distruptors don't forget to split your army

VOD

https://youtu.be/5Q6CXkTQG4Q

Replay - NqNt v zuka - World of Sleepers LE

Build Order

Get SALT Encoding   

  12  0:01  Probe  
  13  0:13  Probe  
  14  0:18  Pylon  
  14  0:25  Probe (Chrono Boost)  
  15  0:36  Probe (Chrono Boost)  
  15  0:38  Gateway  
  16  0:42  Probe  
  16  0:47  Assimilator  
  17  0:54  Probe  
  17  0:56  Assimilator  
  18  1:07  Probe (Chrono Boost)  
  19  1:17  Probe x2 (Chrono Boost)  
  19  1:18  Gateway  
  21  1:30  Cybernetics Core  
  21  1:33  Probe  
  22  1:42  Pylon  
  23  2:07  Stargate  
  23  2:09  Stalker x2  
  27  2:18  Warp Gate  
  27  2:27  Pylon  
  28  2:47  Oracle (Chrono Boost)  
  32  3:04  Stalker x2  
  36  3:07  Shield Battery  
  36  3:35  Nexus  
  34  3:53  Twilight Council  
  36  4:11  Pylon  
  37  4:20  Zealot  
  37  4:23  Charge (Chrono Boost)  
  39  4:28  Robotics Facility  
  40  4:38  Zealot  
  43  4:48  Gateway  
  44  4:57  Gateway  
  45  5:05  Gateway  
  47  5:13  Zealot x2  
  51  5:20  Gateway  
  51  5:26  Gateway  
  51  5:32  Pylon  
  51  5:36  Zealot x2  
  51  5:41  Observer (Chrono Boost)  
  56  5:46  Zealot  
  58  5:56  Zealot x3  
Spawning Tool Build Advisor. Get it on Overwolf

Go to:

Details

  • Created by: zuka      
  • Published on: Jan 13, 2020
  • Modified on: Jan 13, 2020
  • Patch: 4.11.0
Show
View Real Time Build Order
Export as new Build Order

Comments (0)

There are no comments. Be the first!

Create an account to comment!